← All builds
Front / Cortex / Economy first / OBSERVED BUILD

Standard front

Cortex Front build order · Supreme Isthmus

Standard economy-first Front play: Bot Lab immediately, Advanced Metal Extractor around 9:23, then a mixed Thug/Grunt/Aggravator army sent up to defend the wider gap and move to middle as a line.

#eco #team support · 451 distinct matches · 138 players · 65% of Cortex Front games · team won 51% of 468 · Recently observed

HOW TO PLAY IT

Key timing: Bot Lab by 0:40

  1. Open 2 mex into early Bot Lab.
  2. Finish Bot Lab and start Thug, Grunt, Aggravator mix.
  3. Send first units to coast to stop leaks, not straight to mid.
  4. Transition into Advanced Metal Extractor as eco scales.
  5. Move units up as a line toward middle to hold the wider gap.

Phase by phase

TYPICAL OF ITS 451 GAMES
  1. 1
  2. 2
  3. 3
PLAY THE OPENING

Follow the example game's first 6:00 step by step: what to build now, what comes next, and where it goes. At 1× it keeps pace with your own game.

  1. 1

    Up to the Bot Lab

    Economy
    • Metal Extractor2Mex
    Order
    1. Bot LabBot Lab after 2 mexdone ~0:40, middle half 0:34–0:46

    Some games also: wind (41%)

    By 0:23 in all: 2 mex

    The example game in this phase · 2 steps
    1. Mex ×3
    2. Bot LabBot Labdone 0:47 · typical 0:40
  2. 2

    Bot Lab to 5:00

    Economy
    • Metal Extractor4Mex
    • Wind Turbine4Wind
    Builders
    • Construction Bot3 Con bot
    • Graverobber2 Graverobber
    Army
    • Guard2 Guard
    • Thug9 Thug
    • Aggravator5 Aggravator
    • Grunt4 Grunt

    Some games also: con turret (45%) · Radar Tower (34%)

    By 5:00 in all: 6 mex · 5 wind

    The example game in this phase · 38 steps
    1. Construction BotCon bot
    2. Solar
    3. Construction BotCon bot
    4. Radar TowerRadar Tower
    5. GraverobberGraverobber
    6. Mex
    7. GraverobberGraverobber
    8. ThugThug
    9. AggravatorAggravator ×2
    10. GuardGuard
    11. AggravatorAggravator ×2
    12. Mex
    13. AggravatorAggravator
    14. ThugThug ×2
    15. GraverobberGraverobber
    16. GuardGuard
    17. GraverobberGraverobber
    18. Mex
    19. ThugThug ×2
    20. AggravatorAggravator
    21. Radar TowerRadar Tower
    22. GuardGuard
    23. ThugThug ×2
    24. AggravatorAggravator ×3
    25. Dragon's TeethDragon's Teeth
    26. AggravatorAggravator
    27. Dragon's TeethDragon's Teeth ×3
    28. AggravatorAggravator
    29. Dragon's TeethDragon's Teeth ×2
    30. AggravatorAggravator
    31. Dragon's TeethDragon's Teeth
    32. AggravatorAggravator
    33. Mex
    34. Con turret
    35. AggravatorAggravator
    36. Construction BotCon bot
    37. GuardGuard
    38. Construction BotCon bot
  3. 3

    5:00 to 10:00

    Economy
    • Metal Extractor1Mex
    • Wind Turbine17Wind
    Builders
    • Construction Turret2 Con turret
    • Graverobber2 Graverobber
    • Construction Bot1 Con bot
    Army
    • Guard1 Guard
    • Grunt8 Grunt
    • Thug4 Thug
    • Aggravator1 Aggravator

    Some games also: Radar Tower (43%) · energy storage (36%) · converter (36%) · Twin Guard (33%) · eat Bot Lab (37%)

    By 10:00 in all: 7 mex · 24 wind · 3 con turret

    The example game in this phase · 63 steps
    1. AggravatorAggravator ×2
    2. ThugThug
    3. AggravatorAggravator
    4. CastroCastro
    5. Solar ×2
    6. AggravatorAggravator
    7. Solar ×2
    8. AggravatorAggravator
    9. WardenWarden
    10. Dragon's TeethDragon's Teeth ×2
    11. AggravatorAggravator
    12. Dragon's TeethDragon's Teeth ×3
    13. AggravatorAggravator
    14. GraverobberGraverobber ×2
    15. AggravatorAggravator
    16. Energy storage
    17. Con turret
    18. AggravatorAggravator
    19. Converter
    20. AggravatorAggravator
    21. GuardGuard
    22. Wind
    23. AggravatorAggravator
    24. Converter
    25. AggravatorAggravator
    26. Wind
    27. AggravatorAggravator
    28. Converter
    29. Wind
    30. AggravatorAggravator
    31. Wind
    32. AggravatorAggravator
    33. Converter
    34. Wind
    35. AggravatorAggravator
    36. Wind
    37. AggravatorAggravator
    38. Converter
    39. Wind
    40. AggravatorAggravator
    41. ThugThug
    42. Wind
    43. GuardGuard
    44. ThugThug
    45. Radar TowerRadar Tower
    46. Wind
    47. Con turret
    48. Radar TowerRadar Tower
    49. GuardGuard ×3
    50. ThistleThistle
    51. Energy storage
    52. GuardGuard
    53. Metal storage
    54. Converter ×4
    55. Wind
    56. Converter
    57. Wind
    58. Converter
    59. Wind ×6
    60. ThistleThistle ×2
    61. Wind ×3
    62. Vehicle PlantVehicle Plantnot finished by 15:00
    63. Wind ×9

Counts are medians over the build's games: half of them build more, half fewer. The example game is Hokusai's (32 OS, 21/09/2026); pick another.

Team trades

IN AT LEAST 30% OF ITS GAMES

You hand over

Nothing regular.

You get

  • Tidal Generator4 Tidal from Pondfirst at 0:17 · in 65% of games
  • Advanced Construction Bot1 T2 con bot from Geo or Techfirst at 7:46 · in 62% of games

How it plays out

Typical game of this build, running totals by minute

Metal produced

010k20k30k
0:005:0010:0015:00

metal

Enemy metal destroyed

02.5k5k7.5k
0:005:0010:0015:00

metal

Own metal lost

05k10k
0:005:0010:0015:00

metal

468 games.

Show as table
ByMetal produced: This buildEnemy metal destroyed: This buildOwn metal lost: This build
1:0033100
2:0085600
3:00162710486
4:002711389341
5:003853921839
6:00510915891556
7:00639523722474
8:00772631253385
9:00915138374291
10:001079845385079
11:001264252055987
12:001450856906925
13:001681462067630
14:001896966638539
15:002063272579305
WHAT THE NUMBERS SAY

Standard front play wins less than half its games, with losses slightly outpacing kills through the first 15 minutes.

  • + Kills reach 7200 by 15:00 despite the safer starting position.
  • + T2 constructor reached in 85% of games, solid tech follow-through.
  • − Team wins under half of games (45%), the weakest shown here.
  • − Own metal lost (9484) exceeds enemy metal destroyed (7200) by 15:00.
THE EXAMPLE YOU ARE READING

Hokusai

31.8 OS · 21/09/2026

Open source match ↗

4 received units
239 metal received · 26447 energy received

Allied construction assistance is unknown. Timings are observations, not a promise of solo reproducibility.

Typical milestones

Bot Lab0:40Middle 50%: 0:34–0:46 · n=454
Advanced Metal Extractor9:23Middle 50%: 8:19–10:45 · n=343

Played most by

iLike2Eco31games of this buildTheGeneraI27games of this buildSauceDispenser27games of this buildwatermeloans19games of this buildEl_Turco15games of this build